 Dungeon Crawl Stone Soup version 0.23.1 (webtiles) character file.

Game seed: 2879997462119761861

30 Borgoz the Sneak (level 3, -1/26 (28) HPs)
             Began as a Ghoul Enchanter on Mar 2, 2019.
             Slain by an adder (4 damage)
             ... on level 2 of the Dungeon.
             The game lasted 00:01:47 (1070 turns).

Borgoz the Sneak (Ghoul Enchanter)                  Turns: 1070, Time: 00:01:47

HP:   -1/26 (28)    AC:  2    Str: 11    XL:     3   Next: 20%
MP:   5/5           EV: 12    Int: 10    God:
Gold: 73            SH:  0    Dex: 10    Spells: 5/6 levels left

rFire    . . .     SeeInvis .   a - +1 dagger
rCold    + . .     Gourm    .   (no shield)
rNeg     + + +     Faith    .   b - +0 robe
rPois    ∞         Spirit   .   (no helmet)
rElec    .         Reflect  .   (no cloak)
rCorr    .         Harm     .   (no gloves)
MR       .....                  (no boots)
Stlth    ++........             (no amulet)
HPRegen  0.00/turn              (no ring)
MPRegen  0.09/turn              (no ring)

@: rotting
A: rotting body, claws 1, carnivore, cold resistance 1, negative energy
resistance 3, inhibited regeneration, torment resistance, unbreathing
a: no special abilities


You were on level 2 of the Dungeon.
You were not hungry.

You visited 1 branch of the dungeon, and saw 2 of its levels.

You collected 73 gold pieces.

Inventory:

Hand Weapons
 a - a +1 dagger (weapon)
Missiles
 e - 3 tomahawks (quivered)
 h - 34 poisoned needles
Armour
 b - a +0 robe (worn)
Scrolls
 c - 3 scrolls of fog {unknown}
 f - a scroll of enchant weapon {unknown}
 g - 2 scrolls of immolation {unknown}
 l - a scroll of fear {unknown}
 m - 2 scrolls of remove curse {unknown}
Potions
 i - a potion of resistance {unknown}
 j - a potion of might {unknown}
 k - a potion of haste {unknown}
 n - a potion of cancellation {unknown}
Comestibles
 d - 3 rations


   Skills:
 * Level 1.3 Fighting
 * Level 1.4 Short Blades
 + Level 0.4 Armour
 + Level 2.0 Dodging
 + Level 3.5 Stealth
 + Level 2.0 Spellcasting
 - Level 2.4 Hexes


You had 5 spell levels left.
You knew the following spells:

 Your Spells              Type           Power        Failure   Level  Hunger
a - Corona                Hex            #......      12%         1    ##.....

Your spell library contained the following spells:

 Spells                   Type           Power        Failure   Level  Hunger
 Ensorcelled Hibernation  Hex/Ice        #.....       28%         2    ###....
 Confuse                  Hex            #.......     34%         3    ####...
 Tukima's Dance           Hex            #.......     34%         3    ####...
 Dazzling Spray           Conj/Hex       #.....       50%         3    ####...


Dungeon Overview and Level Annotations

Branches:
Dungeon (2/15)

Altars:


Innate Abilities, Weirdness & Mutations

Your body is rotting away.
You thrive on raw meat.
You are immune to poison.
You have sharp fingernails.
You are carnivorous and can eat meat at any time.
Your flesh is cold resistant. (rC+)
You are immune to negative energy. (rN+++)
You do not regenerate when monsters are visible.
You are immune to unholy pain and torment.
You can survive without breathing.


Message History

The adder is heavily wounded.
The adder closely misses you.
You hit the adder.
The adder is severely wounded.
The adder bites you. x2
* * * LOW HITPOINT WARNING * * *
You closely miss the adder.
The adder is severely wounded.
The adder barely misses you.
You hit the adder but do no damage.
The adder is severely wounded.
The adder misses you.
You closely miss the adder.
The adder is severely wounded.
The adder bites you.
* * * LOW HITPOINT WARNING * * *
You hit the adder.
The adder is severely wounded.
The adder bites you.
You die...

####.#.#.. #.##.....#.
#..##.#...
###.#.......##....##....
........................
#..#......... .........
##..........# ..##...)
...#.......#.# ##.#...
#........#.#.####.#.#..
#.S@..##.#....#.##..
.........#.##......##.#.
##.###..#.#..........#.#
#..##.......(....##
#..#................
#.....).............
#..##.##.#.#.#.#.#..
......##.#.#.#...#>#
##...............#.#


You could see an adder.

Vanquished Creatures
  An ooze (D:1)
  2 dart slugs
  2 leopard geckos
  2 bats
  2 giant cockroaches (D:1)
  4 goblins
  2 hobgoblins (D:2)
  A kobold (D:1)
  3 rats (D:1)
19 creatures vanquished.

Notes
Turn   | Place    | Note
-------+----------+-------------------------------------------
     0 | D:1      | Borgoz the Ghoul Enchanter began the quest for the Orb.
     0 | D:1      | Reached XP level 1. HP: 14/14 MP: 2/2
    82 | D:1      | Reached skill level 1 in Short Blades
   231 | D:1      | Reached XP level 2. HP: 18/22 MP: 3/3
   547 | D:1      | Reached skill level 1 in Fighting
   934 | D:2      | Reached XP level 3. HP: 19/28 MP: 4/4
  1070 | D:2      | Slain by an adder

Skill      XL: |  1  2  3 |
---------------+----------+-----
Short Blades   | 1 |  1.4
Fighting       | 1 |  1.3
Dodging        | 2 |  2.0
Spellcasting   | 2 |  2.0
Armour         | |  0.4
Stealth        | |  3.5
Hexes          | |  2.4

Action                   || total
-------------------------++-------
Melee: Dagger            ||    86
 Stab: Sleeping          ||     5
  Eat: Chunk             ||     2
Armor: Robe              ||    15
Dodge: Dodged            ||    36
